 Dungeon Crawl Stone Soup version 0.20-a0-214-gb74cb0e (webtiles) character file.

173582 feito the Warrior (level 17, -11/131 HPs)
             Began as a Demonspawn Gladiator on Nov 26, 2016.
             Was a High Priest of Cheibriados.
             Mangled by a white very ugly thing (45 damage)
             ... on level 1 of the Depths on Nov 27, 2016.
             The game lasted 03:52:03 (28372 turns).

feito the Warrior (Demonspawn Gladiator)           Turns: 28372, Time: 03:52:04

Health: -11/131    AC: 30    Str: 28    XL:     17   Next: 18%
Magic:  21/29      EV: 24    Int: 21    God:    Cheibriados [*****.]
Gold:   2216       SH: 13    Dex: 33    Spells: 28/32 levels left

rFire  + + .     SeeInvis .     b - +9 long sword of Uzil {drain, Dex+3}
rCold  . . .     Gourm    .     k - +4 troll leather armour {Snorg}
rNeg   . . .     Faith    +     G - +0 shield
rPois  +         Spirit   .     n - +2 helmet
rElec  .         Reflect  .     K - +2 cloak
rCorr  .         Harm     .     (no gloves)
MR     +....                    Q - +0 pair of boots {Fly}
Stlth  ++++++....               W - amulet of faith
                                t - ring of poison resistance
                                V - ring of stealth

@: sanguine armour, flying, very slow
A: hooves 2, camouflage 1, fire resistance 2, frail 1, spiny 2, no device heal
1, rot immunity, sanguine armour 3
}: 1/15 runes: decaying
a: Bend Time, Temporal Distortion, Slouch, Step From Time, Renounce Religion,
Stop Flying


You were on level 1 of the Depths.
You worshipped Cheibriados.
Cheibriados was extremely pleased with you.
You were not hungry.

You visited 6 branches of the dungeon, and saw 29 of its levels.
You also visited: Labyrinth.

You collected 3168 gold pieces.
You spent 952 gold pieces at shops.

Inventory:

Hand Weapons
 a - a +2 scimitar of flaming
 b - the +9 long sword of Uzil (weapon) {drain, Dex+3}
   (You found it on level 1 of the Lair of Beasts)

   A truly terrible weapon, it drains the life of those it strikes.
   It affects your dexterity (+3).
 p - the +2 rapier of Tiewkuzi {venom, +Fly rC- SInv}
   (You found it in a labyrinth)

   It poisons the flesh of those it strikes.
   It makes you vulnerable to cold.
   It lets you see invisible.
   It lets you fly.
 C - a +6 blowgun
Missiles
 j - 9 tomahawks
 B - 4 javelins (quivered)
Armour
 k - a +4 troll leather armour (worn) {Snorg}
 n - a +2 helmet (worn)
 D - +0 swamp dragon scales
 G - a +0 shield (worn)
 K - a +2 cloak (worn)
 Q - a +0 pair of boots of flying (worn)
 X - the +5 ring mail of Satisfaction {rF+}
   (You took it off a minotaur in a labyrinth)

   It protects you from fire.
Jewellery
 c - a +3 amulet of reflection
 d - an uncursed ring of ice
 q - an uncursed ring of positive energy
 t - a ring of poison resistance (right hand)
 O - an uncursed amulet of guardian spirit
 S - an uncursed amulet of harm
 V - a ring of stealth (left hand)
 W - an amulet of faith (around neck)
Scrolls
 h - 4 scrolls of identify
 m - 4 scrolls of magic mapping
 v - 2 scrolls of enchant weapon
 x - 2 scrolls of teleportation
 z - a scroll of enchant armour
 F - a scroll of recharging
 U - a scroll of remove curse
Potions
 e - a potion of cancellation {unknown}
 i - 3 potions of ambrosia
 l - 4 potions of curing
 r - 3 potions of berserk rage {unknown}
 u - a potion of mutation
 E - 2 potions of brilliance {unknown}
 L - a potion of invisibility {unknown}
 N - 3 potions of agility
 P - 2 potions of flight {unknown}
Books
 w - a Young Poisoner's Handbook

   Spells                             Type                      Level
   a - Sting                          Conjuration/Poison           1
   b - Mephitic Cloud                 Conjuration/Poison/Air       3
   c - Olgreb's Toxic Radiance        Poison                       4
   d - Alistair's Intoxication        Transmutation/Poison         5
   e - Venom Bolt                     Conjuration/Poison           5
 y - a book of Ice

   Spells                             Type                      Level
   a - Ice Form                       Ice/Transmutation            4
   b - Metabolic Englaciation         Hexes/Ice                    5
   c - Ozocubu's Refrigeration        Ice                          6
   d - Bolt of Cold                   Conjuration/Ice              6
   e - Freezing Cloud                 Conjuration/Ice/Air          6
   f - Simulacrum                     Ice/Necromancy               6
 I - a book of Minor Magic

   Spells                             Type                      Level
   a - Magic Dart                     Conjuration                  1
   b - Blink                          Translocation                2
   c - Call Imp                       Summoning                    2
   d - Repel Missiles                 Charms/Air                   2
   e - Slow                           Hexes                        2
   f - Conjure Flame                  Conjuration/Fire             3
   g - Mephitic Cloud                 Conjuration/Poison/Air       3
Miscellaneous
 R - a disc of storms
Comestibles
 f - 12 bread rations
 g - 27 fruits
 H - 2 slices of pizza
 M - 23 royal jellies
 T - 3 beef jerkies


   Skills:
 * Level 16.8 Fighting
 * Level 10.0 Long Blades
   Level 3.3 Maces & Flails
   Level 2.6 Polearms
 - Level 6.0 Throwing
 + Level 11.3 Armour
 + Level 11.6 Dodging
 - Level 6.7 Stealth
 + Level 6.9 Shields
 + Level 8.4 Spellcasting
 - Level 4.3 Translocations
 - Level 9.1 Invocations


You had 28 spell levels left.
You knew the following spells:

 Your Spells              Type           Power        Failure   Level  Hunger
a - Blink                 Tloc           N/A          10%         2    None
b - Repel Missiles        Chrm/Air       #.....       38%         2    None


Dungeon Overview and Level Annotations

Branches:
Dungeon (15/15)            Temple (1/1) D:6            Lair (6/6) D:10
  Swamp (4/4) Lair:3        Snake (0/4) Lair:3        Slime (0/5) Lair:5
    Orc (2/2) D:10            Elf (0/3) Orc:2        Vaults (0/5) D:14
 Depths (1/5) D:15

Altars:
Ashenzari
Cheibriados
Elyvilon
Fedhas
Kikubaaqudgha
Okawaru
Ru
Trog
Uskayaw
Vehumet
Yredelemnul
The Shining One
Beogh
Jiyva

Shops:
D:8 ![[*%   D:13 %   Orc:2 =(==[?[

Annotations:
D:6 Silaor's ghost, novice DsGl
D:13 Maurice
Swamp:4 Lernaean hydra


Innate Abilities, Weirdness & Mutations

You have hoof-like feet.
Your flesh is very heat resistant. (rF++)
You are mostly covered in sharp spines.
You are immune to rotting.
When seriously injured, your bleeding wounds create very thick armour. (AC +12)
Your skin changes colour to match your surroundings (Stealth+).
You are frail. (-10% HP)
Potions and wands are less effective at restoring your health.


Message History

The cyan very ugly thing is heavily wounded.
The cyan very ugly thing engulfs you but does no damage.
The white very ugly thing headbutts you!
Your blood congeals into armour.
The white very ugly thing freezes you!!
You can feel time thicken for a moment.
You feel somewhat more hungry.
The cyan very ugly thing engulfs you but does no damage.
The white very ugly thing is struck by your spines.
The white very ugly thing closely misses you.
You hit the cyan very ugly thing. You drain the cyan very ugly thing!
The cyan very ugly thing is almost dead.
The flow of time bends around you.
The purple very ugly thing resists with some effort.
Cheibriados rebukes the white very ugly thing.
The white very ugly thing seems to slow down.
You feel slightly more hungry.
Cheibriados lowers the support of your attributes as your movement quickens.
The white very ugly thing headbutts you!!
* * * LOW HITPOINT WARNING * * *
The white very ugly thing freezes you!!!
You die...

.................#.>..........
...........^.....#...........
#...≈≈........#..#[........#
..............#...(........#..
.≈.≈....>..#..#.....u.........
..⌠....##..#.....(..uu.....#
.≈≈≈.....#.#...(u....#.....(.u
..............#uu########.....
###...#...)(..##@# .(.u
###.#..........# ...
####.......### .# #....<.## #
##..(..# ####.## ###


You could see 3 very ugly things.

Vanquished Creatures
  Rupert (Orc:2)
  4 thorn hunters (Swamp:4)
  3 stone giants
  2 very ugly things (Depths:1)
  Azrael (Orc:2)
  A minotaur (Lab)
  An ettin (Orc:1)
  Snorg (D:10)
  A yaktaur captain (D:15)
  Erolcha (Orc:2)
  2 vault guards (D:14)
  34 hydras
  4 centaur warriors
  A ghost crab (Swamp:4)
  An anaconda (Lair:6)
  8 alligators
  7 death yaks
  A tengu warrior (Depths:1)
  Nergalle (D:11)
  3 orc high priests (Orc:2)
  4 spriggans
  2 unseen horrors
  A shambling mangrove (Swamp:2)
  14 swamp dragons
  7 hill giants
  A spriggan druid (Swamp:4)
  2 wizards (D:14)
  A necromancer (D:14)
  5 orc knights
  Pikel (D:9)
  A lindwurm (Lair:6)
  4 orc sorcerers (Orc:2)
  An orb spider (shapeshifter) (D:15)
  11 ugly things
  A deep elf mage (D:15)
  3 manticores
  3 cyclopes (D:15)
  3 black mambas (Lair:6)
  20 elephants
  4 centaur zombies
  Joseph (D:7)
  A torpor snail (Lair:6)
  3 gargoyles
  20 spiny frogs
  3 centaur skeletons
  4 rime drakes (Lair:6)
  A storm dragon simulacrum (D:15)
  9 komodo dragons
  13 trolls
  9 polar bears (Lair:6)
  A jumping spider (shapeshifter) (D:15)
  12 hornets
  Prince Ribbit (D:6)
  11 tyrant leeches
  5 raiju (Lair:6)
  13 slime creatures
  3 blink frogs (Lair:3)
  8 hippogriffs
  6 bog bodies
  A meliai zombie (D:15)
  3 dream sheep (Lair:6)
  5 shadows
  7 wyverns
  2 wraiths
  36 yaks
  3 basilisks
  3 fire elementals (Orc:2)
  3 hogs (Swamp:4)
  18 humans (D:14)
  21 vampire mosquitoes
  4 nagas
  4 soldier ants
  A soldier ant (shapeshifter) (Depths:1)
  13 swamp worms
  13 insubstantial wisps
  6 wargs (Lair:6)
  An acid dragon (D:12)
  18 water moccasins
  13 hell hounds
  6 porcupines
  16 orc warriors
  A phantom (D:7)
  5 sky beasts
  14 swamp drakes
  2 ice beasts
  4 slaves (D:9)
  10 black bears (Lair:6)
  2 necrophages
  9 ogres
  31 wolves
  12 centaurs
  10 crocodiles
  4 big kobolds
  19 bullfrogs
  3 gnoll sergeants (D:9)
  4 scorpions
  3 killer bees (D:7)
  18 wights
  2 howler monkeys
  7 crimson imps
  A quasit (D:10)
  A bullfrog zombie (D:7)
  A gnoll shaman (Orc:2)
  6 hounds
  13 jellies
  20 orc priests
  Natasha (thrice) (D:2)
  4 iguanas
  22 orc wizards
  14 worker ants
  4 hell rats (Lair:2)
  2 hound skeletons (D:11)
  Robin (D:2)
  2 howler monkey skeletons
  2 worker ant zombies
  4 gnolls
  10 adders
  12 river rats (Lair:2)
  2 shadow imps
  13 oozes
  An adder skeleton (D:4)
  2 adder zombies (D:5)
  4 worms
  A dart slug (D:1)
  3 leopard geckos
  74 orcs
  A ball python (D:8)
  3 bats
  4 giant cockroaches
  9 goblins
  11 hobgoblins
  2 jackals (D:5)
  7 quokkas
  5 frilled lizards
  24 kobolds
  A leopard gecko skeleton (D:4)
  A leopard gecko zombie (D:5)
  13 rats
  A butterfly (Lair:2)
952 creatures vanquished.

Vanquished Creatures (others)
  Kirke (Swamp:4)
  A necromancer (D:14)
  A swamp drake (Swamp:4)
  A black bear (Lair:6)
  A goblin (D:3)
  A quokka (D:7)
  26 fungi
  37 plants
69 creatures vanquished.

Grand Total: 1021 creatures vanquished

Notes
Turn   | Place    | Note
-------+----------+-------------------------------------------
     0 | D:1      | feito the Demonspawn Gladiator began the quest for the Orb.
     0 | D:1      | Reached XP level 1. HP: 16/16 MP: 1/1
   294 | D:1      | Gained mutation: You are partially covered in sharp spines. [demonic ancestry]
   294 | D:1      | Reached XP level 2. HP: 8/22 MP: 2/2
  1021 | D:2      | Reached XP level 3. HP: 28/28 MP: 3/3
  1103 | D:2      | Reached skill level 1 in Armour
  1148 | D:2      | Reached skill level 3 in Fighting
  1341 | D:2      | Gained mutation: When seriously injured, your bleeding wounds create armour. (AC +12) [demonic ancestry]
  1341 | D:2      | Reached XP level 4. HP: 31/35 MP: 4/4
  1347 | D:2      | Noticed Robin
  1359 | D:2      | Killed Robin
  1487 | D:2      | Noticed Natasha
  1492 | D:2      | Killed Natasha
  1700 | D:2      | Noticed Natasha
  1711 | D:2      | Killed Natasha
  1711 | D:2      | Reached XP level 5. HP: 30/41 MP: 5/5
  1775 | D:2      | Noticed Natasha
  1785 | D:2      | Killed Natasha
  1954 | D:3      | Found a radiant altar of Vehumet.
  2617 | D:3      | Found an iron altar of Okawaru.
  2622 | D:3      | Found a hide-covered altar of Uskayaw.
  2762 | D:4      | Reached skill level 4 in Fighting
  2767 | D:4      | Gained mutation: When seriously injured, your bleeding wounds create thick armour. (AC +12) [demonic ancestry]
  2767 | D:4      | Reached XP level 6. HP: 36/48 MP: 6/6
  3405 | D:5      | Entered Level 5 of the Dungeon
  3468 | D:4      | You fall through a shaft!
  3665 | D:5      | Reached skill level 5 in Fighting
  3665 | D:5      | Gained mutation: You are immune to rotting. [demonic ancestry]
  3665 | D:5      | Reached XP level 7. HP: 46/56 MP: 7/7
  3747 | D:5      | Found a sacrificial altar of Ru.
  4221 | D:6      | Noticed Prince Ribbit
  4234 | D:6      | Killed Prince Ribbit
  4234 | D:6      | Reached skill level 6 in Fighting
  4234 | D:6      | Gained mutation: You have large cloven feet. [demonic ancestry]
  4234 | D:6      | Reached XP level 8. HP: 44/64 MP: 8/8
  4265 | D:6      | Found a staircase to the Ecumenical Temple.
  4276 | Temple   | Entered the Ecumenical Temple
  4308 | Temple   | Became a worshipper of Cheibriados the Contemplative
  4441 | D:6      | You fall through a shaft!
  4442 | D:7      | Found a white marble altar of Elyvilon.
  4442 | D:7      | Noticed Joseph
  4457 | D:7      | Killed Joseph
  4457 | D:7      | Reached skill level 5 in Dodging
  4457 | D:7      | Reached skill level 1 in Stealth
  4457 | D:7      | Reached skill level 1 in Invocations
  4644 | D:6      | Noticed Silaor's ghost (novice DsGl)
  4759 | D:7      | Reached skill level 7 in Fighting
  4776 | D:7      | Upgraded the game from 0.20-a0-210-gd6c29eb to 0.20-a0-214-gb74cb0e
  4978 | D:7      | Reached skill level 5 in Throwing
  5006 | D:7      | Reached XP level 9. HP: 66/72 MP: 11/11
  5211 | D:7      | Reached * piety under Cheibriados
  5564 | D:7      | Reached skill level 8 in Fighting
  5674 | D:8      | Reached ** piety under Cheibriados
  5729 | D:8      | Found Coixeegred's Distillery.
  5752 | D:8      | Bought a potion of heal wounds for 70 gold pieces
  5851 | D:8      | Reached skill level 5 in Armour
  5883 | D:8      | Found Tiplihy's Armour Shop.
  5965 | D:8      | Reached skill level 5 in Invocations
  6021 | D:8      | Found Wuoxuvu's Assorted Antiques.
  6029 | D:8      | Bought a dented amethyst amulet for 130 gold pieces
  6030 | D:8      | Bought a vibrating glass ring for 130 gold pieces
  6030 | D:8      | Identified the ring "Cenuoj" {Fire +Blink Dex-5 Stlth+} (You bought it in a shop on level 8 of the Dungeon)
  6049 | D:8      | Found Xourobig's Food Shop.
  6181 | D:8      | Found Suligro's Antique Armour Emporium.
  6188 | D:8      | Gained mutation: You are mostly covered in sharp spines. [demonic ancestry]
  6188 | D:8      | Reached XP level 10. HP: 82/82 MP: 13/13
  6251 | D:8      | Reached *** piety under Cheibriados
  6679 | D:8      | Reached skill level 9 in Fighting
  7286 | D:9      | Noticed Pikel
  7748 | D:9      | Killed Pikel
  7801 | D:10     | Entered Level 10 of the Dungeon
  7833 | D:10     | Killed an unseen horror
  7833 | D:10     | Reached skill level 5 in Stealth
  7879 | D:10     | Reached skill level 1 in Maces & Flails
  8127 | D:10     | Found a staircase to the Orcish Mines.
  8152 | D:10     | Found a staircase to the Lair.
  8180 | D:10     | Gained mutation: When seriously injured, your bleeding wounds create very thick armour. (AC +12) [demonic ancestry]
  8180 | D:10     | Reached XP level 11. HP: 89/90 MP: 16/16
  8206 | D:10     | Noticed a hill giant
  8220 | D:10     | Killed a hill giant
  8220 | D:10     | Reached skill level 10 in Fighting
  8241 | D:10     | Noticed Snorg
  8247 | D:10     | Reached **** piety under Cheibriados
  8274 | D:10     | Killed Snorg
  8849 | D:10     | Noticed a hill giant
  8857 | D:10     | Killed a hill giant
  8873 | Lair:1   | Entered Level 1 of the Lair of Beasts
  8933 | Lair:1   | Found a labyrinth entrance.
  8973 | Lab      | Entered a labyrinth
  9125 | Lab      | Noticed a minotaur
  9143 | Lab      | Killed a minotaur
  9146 | Lab      | Got a smelly ring mail
  9159 | Lab      | Identified the +5 ring mail of Satisfaction {rF+} (You took it off a minotaur in a labyrinth)
  9222 | Lab      | Learned a level 2 spell: Blink
  9233 | Lab      | Got a slimy rapier
  9236 | Lab      | Identified the cursed +2 rapier of Tiewkuzi {venom, +Fly rC- SInv} (You found it in a labyrinth)
  9772 | Lair:1   | Got a smoking long sword
  9773 | Lair:1   | Identified the +9 long sword of Uzil {drain, Dex+3} (You found it on level 1 of the Lair of Beasts)
  9842 | Lair:1   | Reached skill level 11 in Fighting
 10003 | Lair:2   | Noticed a five-headed hydra
 10013 | Lair:2   | Killed a five-headed hydra
 10111 | Lair:2   | Reached skill level 1 in Long Blades
 10484 | Lair:2   | Reached XP level 12. HP: 100/100 MP: 18/18
 10746 | Lair:2   | Reached ***** piety under Cheibriados
 11142 | Lair:3   | Found a staircase to the Snake Pit.
 11833 | Lair:3   | Found a staircase to the Swamp.
 12248 | Lair:4   | Noticed a death yak
 12249 | Lair:4   | Noticed a death yak
 12275 | Lair:4   | Noticed a death yak
 12276 | Lair:4   | Noticed a death yak
 12288 | Lair:4   | Killed a death yak
 12295 | Lair:4   | Killed a death yak
 12298 | Lair:4   | Killed a death yak
 12298 | Lair:4   | Reached skill level 12 in Fighting
 12303 | Lair:4   | Killed a death yak
 12682 | Lair:4   | Identified a +1 rod of inaccuracy (10/10) (You found it on level 4 of the Lair of Beasts)
 12936 | Lair:5   | Noticed a six-headed hydra
 12954 | Lair:4   | Killed a six-headed hydra
 12954 | Lair:4   | Reached skill level 1 in Spellcasting
 12954 | Lair:4   | Reached skill level 1 in Translocations
 13119 | Lair:5   | Found a staircase to the Slime Pits.
 13119 | Lair:5   | Found a viscous altar of Jiyva.
 13303 | Lair:5   | Noticed a five-headed hydra
 13305 | Lair:5   | Noticed a seven-headed hydra
 13364 | Lair:6   | Entered Level 6 of the Lair of Beasts
 13486 | Lair:5   | Killed a seven-headed hydra
 13868 | Lair:5   | Killed a five-headed hydra
 13868 | Lair:5   | Reached XP level 13. HP: 96/109 MP: 19/19
 14446 | Lair:6   | Reached skill level 13 in Fighting
 14537 | Lair:6   | Reached skill level 5 in Long Blades
 15066 | Lair:6   | Reached ****** piety under Cheibriados
 15199 | Lair:6   | Reached XP level 14. HP: 81/118 MP: 20/20
 15458 | Lair:6   | HP: 1/119 [four-headed hydra (8)]
 15872 | Lair:6   | Reached skill level 1 in Shields
 16086 | Lair:6   | Reached skill level 14 in Fighting
 16195 | Lair:6   | Reached skill level 5 in Spellcasting
 16336 | Lair:6   | Reached skill level 10 in Dodging
 16480 | Lair:6   | Got a polished mace
 16481 | Lair:6   | Identified the cursed +1 mace of Cyoj {vamp, rPois rN+ MR++ Str-3} (You found it on level 6 of the Lair of Beasts)
 16703 | Orc:1    | Entered Level 1 of the Orcish Mines
 16953 | Orc:1    | Noticed a stone giant
 16966 | Orc:1    | Killed a stone giant
 17034 | Orc:1    | Found a roughly hewn altar of Beogh.
 17193 | Orc:1    | You fall through a shaft!
 17193 | Orc:2    | Entered Level 2 of the Orcish Mines
 17317 | Orc:2    | Found Dyikhoso's Jewellery Boutique.
 17331 | Orc:2    | Noticed Azrael
 17394 | Orc:2    | Killed Azrael
 17665 | Orc:2    | Noticed Rupert
 17683 | Orc:2    | Paralysed by Rupert for 3 turns
 17698 | Orc:2    | Paralysed by Rupert for 2 turns
 17706 | Orc:2    | Killed Rupert
 17724 | Orc:2    | Found a staircase to the Elven Halls.
 17863 | Orc:2    | Found Zeucw's Antique Armour Boutique.
 17884 | Orc:2    | Found Nippos's Magic Scroll Emporium.
 17902 | Orc:2    | Bought a scroll of teleportation for 42 gold pieces
 17983 | Orc:2    | Found Raficsai's Antique Armour Boutique.
 18020 | Orc:2    | Noticed Erolcha
 18088 | Orc:2    | Killed Erolcha
 18393 | Orc:2    | Gained mutation: You are frail. (-10% HP) [a neqoxec]
 18444 | Orc:2    | Found Becomoy's Jewellery Boutique.
 18445 | Orc:2    | Found Cuiqeg's Jewellery Emporium.
 18445 | Orc:2    | Found Moakucuu's Weapon Emporium.
 18501 | Orc:2    | Bought an uncursed ring of positive energy for 320 gold pieces
 18516 | Orc:2    | Bought an uncursed ring of poison resistance for 260 gold pieces
 18769 | Lair:1   | Gained mutation: You have hoof-like feet. [demonic ancestry]
 18769 | Lair:1   | Reached XP level 15. HP: 114/114 MP: 23/23
 18771 | Lair:1   | Gained mutation: Your flesh is heat resistant. (rF+) [potion of mutation]
 18771 | Lair:1   | Gained mutation: Your skin changes colour to match your surroundings (Stealth+). [potion of mutation]
 18771 | Lair:1   | Gained mutation: Potions and wands are less effective at restoring your health. [potion of mutation]
 18833 | Swamp:1  | Entered Level 1 of the Swamp
 19236 | Swamp:1  | Reached skill level 15 in Fighting
 19641 | Swamp:1  | HP: 1/116 [eight-headed hydra (8)]
 19772 | Swamp:1  | Reached skill level 10 in Armour
 20635 | D:11     | Noticed Nergalle
 20672 | D:11     | Killed Nergalle
 21585 | D:13     | Found Anakhuas's Food Boutique.
 21659 | D:13     | Reached skill level 5 in Shields
 21932 | D:13     | Noticed Maurice
 22699 | D:14     | Identified a scroll of acquirement
 23066 | D:14     | Gained mutation: Your flesh is very heat resistant. (rF++) [demonic ancestry]
 23066 | D:14     | Reached XP level 16. HP: 71/124 MP: 26/26
 23140 | D:14     | Found a gate to the Vaults.
 23357 | D:15     | Entered Level 15 of the Dungeon
 23586 | D:15     | Found a sacrificial altar of Ru.
 23786 | D:15     | Reached skill level 16 in Fighting
 24032 | D:15     | Found a staircase to the Depths.
 25591 | Swamp:4  | Entered Level 4 of the Swamp
 25660 | Swamp:4  | Noticed a thorn hunter
 25673 | Swamp:4  | Killed a thorn hunter
 25810 | Swamp:4  | Noticed Kirke
 25815 | Swamp:4  | Killed Kirke
 25983 | Swamp:4  | Noticed a thorn hunter
 26003 | Swamp:4  | Killed a thorn hunter
 26147 | Swamp:4  | Noticed a thorn hunter
 26187 | Swamp:4  | Killed a thorn hunter
 26254 | Swamp:4  | Noticed the 27-headed Lernaean hydra
 26691 | Swamp:4  | Reached XP level 17. HP: 131/131 MP: 29/29
 26745 | Swamp:4  | Got a decaying rune of Zot
 27013 | Swamp:4  | HP: 4/131 [the 25-headed Lernaean hydra (4)]
 27896 | Lair:3   | Learned a level 2 spell: Repel Missiles
 28145 | Depths:1 | Entered Level 1 of the Depths
 28368 | Depths:1 | Reached skill level 10 in Long Blades
 28372 | Depths:1 | Mangled by a white very ugly thing

Vault maps used:
D:1:      minmay_arrival_shattered_statue
D:2:      kennysheep_small_spiral, uniq_natasha, uniq_robin
D:3:      fiery_altar_vehumet, amethyst_overflow_temple_binary, first_bread
D:5:      kennysheep_mini_moat
D:6:      uniq_sigmund, uniq_prince_ribbit1
D:7:      lemuel_slime, elyvilon_altar_4, uniq_joseph
D:8:      serial_shops, shop, kennysheep_mini, shop_statue, shop_statue,
          nicolae_shop_temple_entry_statues_fountains,
          hangedman_pestilent_swarm, st_stairs_1, basic_loot_grate_trap,
          minmay_misc_feat_cross
D:9:      sword_in_stone, uniq_pikel
D:10:     david_lair_shrubbed, orc_0_dummy, minmay_misc_feat_rows, uniq_snorg
D:11:     uniq_nergalle
D:12:     stair_cage_cross
D:13:     serial_shops, shop_coins, uniq_maurice
D:14:     grunt_vaults_entry_tiered, hangedman_decor_lopped
D:15:     grunt_enter_depths_snipers, lemuel_doored_altar
Temple:   eino_temple_scatter_basement
Lair:1:   lab_entry_generic
Lair:2:   lemuel_ratsnest, st_stairs_13, grunt_megastairs_1,
          lemuel_fruit_fields, lemuel_fruit_fields, serial_bayou_shore_b
Lair:3:   minmay_swamp_entry_worms, minmay_snake_entry_guardpost_small
Lair:4:   infiniplex_staircase_pool_2
Lair:5:   slime_altar_1, infiniplex_staircase_pool
Lair:6:   hangedman_lair_caniforms_friends, hangedman_lair_in_review,
          grunt_megastairs_4
Swamp:1:  nicolae_swamp_rocky_clearing, swamp_pool4, st_swamp_ruins_4
Swamp:2:  nicolae_swamp_fairy_circle
Swamp:3:  serial_swamp_ruin, evilmike_swamp_ruin_rubble_1,
          evilmike_swamp_ruin_house_5, swamp_pool2
Swamp:4:  swamp_old_school, uniq_kirke
Orc:1:    basic_altar
Orc:2:    st_orc_elflike, serial_shops, shop, shop, shop, uniq_rupert,
          uniq_erolcha, uniq_azrael
Depths:1: minmay_misc_feat_columns, pf_vacation_house_of_asmodeus,
          corexii_leaking_fountain, statue_in_the_mist_lemuel,
          hangedman_eye_storm, uniq_asterion
Lab:      labyrinth_mini_lab, nicolae_lab_stuck

Skill      XL: |  1  2  3  4  5  6  7  8  9 10 11 12 13 14 15 16 17 |
---------------+----------------------------------------------------+-----
Throwing       | 2 3 4 5 6 |  6.0
Dodging        | 3 4 5 6 7 8 9 10 11 | 11.6
Armour         | 1 2 3 4 5 6 7 8 9 10 11 | 11.3
Fighting       | 3 4 5 6 7 8 9 11 12 13 14 15 16 | 16.8
Stealth        | 2 3 5 6 |  6.7
Invocations    | 2 5 6 8 9 |  9.1
Maces & Flails | 1 3 |  3.3
Long Blades    | 1 4 5 6 7 9 10 | 10.0
Spellcasting   | 1 4 5 7 8 |  8.4
Translocations | 1 4 |  4.3
Shields        | 3 5 6 |  6.9
Polearms       | |  2.6

Action                   |  1- 3 |  4- 6 |  7- 9 | 10-12 | 13-15 | 16-18 || total
-------------------------+-------+-------+-------+-------+-------+-------++-------
Melee: Trident           |    88 |   157 |    41 |     6 |       |       ||   292
       Spear             |       |    20 |       |       |       |       ||    20
       Flail             |       |       |   267 |   305 |       |       ||   572
       Kick              |       |       |   100 |   317 |   825 |       ||  1242
       Great sword       |       |       |     5 |       |       |       ||     5
       Short sword       |       |       |     3 |     4 |       |       ||     7
       Long sword        |       |       |       |   167 |   955 |   400 ||  1522
       Rapier            |       |       |       |    41 |   154 |       ||   195
       Scimitar          |       |       |       |       |       |   108 ||   108
Throw: Throwing net      |       |     3 |       |     2 |       |       ||     5
       Tomahawk          |       |       |    17 |    16 |    49 |     8 ||    90
       Javelin           |       |       |       |       |       |     8 ||     8
 Cast: Blink             |       |       |       |       |     2 |     3 ||     5
Invok: Bend Time         |       |       |     6 |    13 |     8 |     8 ||    35
       Temporal Distorti |       |       |       |     1 |     2 |       ||     3
       Slouch            |       |       |       |     3 |    15 |     9 ||    27
       Step From Time    |       |       |       |     1 |     3 |     3 ||     7
  Use: Potion            |       |     1 |     2 |     8 |    11 |     4 ||    26
       Scroll            |       |     1 |     1 |    18 |    15 |     4 ||    39
 Stab: Sleeping          |     1 |       |     1 |    24 |    31 |     7 ||    64
       Distracted        |       |     1 |       |     3 |     6 |     8 ||    18
       Confused          |       |       |       |       |       |     3 ||     3
  Eat: Chunk             |     1 |     6 |     5 |     5 |     2 |     3 ||    22
       Beef jerky        |       |     1 |     1 |       |     4 |     1 ||     7
       Pizza             |       |       |     1 |       |       |     3 ||     4
       Meat ration       |       |       |       |     3 |     1 |     1 ||     5
       Fruit             |       |       |       |       |     1 |       ||     1
       Bread ration      |       |       |       |       |     1 |       ||     1
Armor: Leather armour    |    12 |    10 |       |       |       |       ||    22
       Ring mail         |       |    35 |   144 |   130 |     6 |     9 ||   324
       Scale mail        |       |     5 |       |       |       |       ||     5
       Troll leather arm |       |       |       |   121 |   422 |   206 ||   749
       Skin              |       |       |       |    16 |       |       ||    16
       Swamp dragon scal |       |       |       |       |    71 |       ||    71
Dodge: Dodged            |    32 |    78 |   251 |   640 |  1364 |   551 ||  2916
Block: Other             |       |       |       |    38 |    54 |       ||    92
       Shield            |       |       |       |       |   917 |   441 ||  1358
       Reflection        |       |       |       |       |     1 |       ||     1
       Rpst.: Great sword |       |       |     1 |       |       |       ||     1
       Long sword        |       |       |       |    52 |   225 |    71 ||   348
       Scimitar          |       |       |       |       |       |    12 ||    12
